 Dungeon Crawl Stone Soup version 0.31-a0-986-g5e6e4ef867 (webtiles) character file.

Game seed: 6456767096899898799

660 sammy202020 the Ruffian (level 7, -4/81 HPs)
             Began as a Demonspawn Shapeshifter on Nov 14, 2023.
             Slain by a yak (8 damage)
             ... on level 5 of the Dungeon.
             The game lasted 00:05:34 (3799 turns).

sammy202020 the Ruffian (Demonspawn Shapeshifter)   Turns: 3799, Time: 00:05:34

Health: -4/81      AC:  9    Str: 16    XL:     7   Next: 30%
Magic:  7/7        EV: 10    Int: 11    God:
Gold:   241        SH:  0    Dex: 13    Spells: 6/6 levels left

rFire   . .          .
                       - Unarmed
rCold   + . .        (no shield)
rNeg    . . .        k - +1 scale mail
rPois   .            (helmet currently unavailable)
rElec   .            (cloak currently unavailable)
rCorr   +            (gloves currently unavailable)
SInv    .            (boots currently unavailable)
Will    .....        e - amulet of regeneration Stlth
                     o - ring of resist corrosion
HPRegen 1.13/turn    q - ring of protection from cold
MPRegen 0.10/turn

%: no passive effects
@: berserking (expiring), beast-form, very quick
A: beast (slay +2), horns 1, molten scales 1, ignite blood 1
a: Begin Untransformation


You were on level 5 of the Dungeon.
You were a hulking beast.
You visited 1 branch of the dungeon, and saw 5 of its levels.

You collected 241 gold pieces.

Inventory:

Armour
 a - a +0 animal skin
 f - a +0 pair of gloves
 g - the +1 hat of the Goldsmith {rPois MP+9 Str+7 Int-2}
   (You acquired it on level 4 of the Dungeon)

   Str+7:     It affects your strength (+7).
   Int-2:     It affects your intelligence (-2).
   rPois:     It protects you from poison MP+9: It affects your magic capacity
   (+9).
 k - a +1 scale mail (worn)
 t - a +2 cloak
Jewellery
 e - an amulet of regeneration (around neck)
 j - a ring of ice
 m - a ring of fire
 o - a ring of resist corrosion (left hand)
 q - a ring of protection from cold (right hand)
 s - a ring of wizardry
Talismans
 c - a beast talisman
 d - a flux talisman
Wands
 v - a wand of paralysis (6)
Scrolls
 i - 2 scrolls of fear
 n - a scroll of immolation
Potions
 b - 5 potions of lignification
 h - a potion of curing
 p - 2 potions of mutation {unknown}
 w - a potion of might
 x - a potion of resistance {unknown}
 z - a potion of cancellation {unknown}


   Skills:
 * Level 4.0 Fighting
 + Level 2.2 Armour
 + Level 3.1 Dodging
 * Level 4.5 Unarmed Combat
 * Level 4.2 Shapeshifting


You had 6 spell levels left.
You didn't know any spells.
Your spell library contained the following spells:

 Spells                   Type           Power      Damage    Failure   Level
 Scorch                   Fire           0%         2d5       89%         2
 Eringya's Noxious Bog    Tmut/Pois      0%         4d6       100%        6
 Plasma Beam              Fire/Air       0%         2x1d10    100%        6
 Starburst                Conj/Fire      0%         6d3       100%        6


Dungeon Overview and Level Annotations

Branches:
Dungeon (5/15)
 Temple: D:4-7

Altars:


Innate Abilities, Weirdness & Mutations

You are a hulking beast.
Your limbs bulge with bestial killing power. (Slay +2)
You have a pair of small horns on your head.
You are partially covered in molten scales. (AC +2)
Your demonic aura sometimes causes spilled blood to erupt in flames.


Message History

You hit the yak. Your headbutt misses the yak.
The yak is severely wounded.
The yak barely misses you.
You hit the yak.
The yak is severely wounded.
You pummel the yak!!
You kill the yak!
Your Armour skill increases to level 2!
Your Shapeshifting skill increases to level 4!
You have reached level 7!
You hit the yak.
The yak is lightly wounded.
The yak gores you but does no damage.
You punch the yak! Your headbutt misses the yak.
The yak is heavily wounded.
You barely miss the yak. You headbutt the yak!
The yak is almost dead.
The yak gores you.
* * * LOW HITPOINT WARNING * * *
You hit the yak. You punch the yak.
You kill the yak!
Your Fighting skill increases to level 4!
Your Dodging skill increases to level 3!
The yak gores you.
* * * LOW HITPOINT WARNING * * *
Things that are here:
a yak corpse; a yak corpse You closely miss the yak.
The yak closely misses you.
You hit the yak. You headbutt the yak!
The yak is heavily wounded.
You hit the yak.
The yak is heavily wounded.
The yak gores you!
* * * LOW HITPOINT WARNING * * *
You punch the yak!
The yak is almost dead.
You closely miss the yak.
The yak is almost dead.
The yak gores you!
You die...

### #.## #.. #.#
#.# #h#
#######Y#####
.......Y....#
.........##'#+####
.................#
.......(.........#
.................#
..(..............#
.................#


You could see 2 yaks.

Vanquished Creatures
  3 yaks (D:5)
  A scorpion (D:3)
  A jelly (D:5)
  Crazy Yiuf (D:2)
  Ijyb (D:3)
  4 adders
  3 dart slugs
  6 ball pythons
  6 bats
  6 endoplasms
  A giant cockroach (D:3)
  6 goblins
  6 hobgoblins
  3 jackals (D:2)
  2 kobolds
  4 quokkas
  2 frilled lizards (D:1)
  10 rats
66 creatures vanquished.

Notes
Turn   | Place    | Note
-------+----------+-------------------------------------------
     0 | D:1      | sammy202020 the Demonspawn Shapeshifter began the quest for
                  | the Orb.
     0 | D:1      | Reached XP level 1. HP: 15/15 MP: 1/1
   113 | D:1      | Gained mutation: Your demonic aura sometimes causes spilled
                  | blood to erupt in flames. [demonic ancestry]
   113 | D:1      | Reached XP level 2. HP: 13/21 MP: 2/2
   922 | D:2      | Identified the "Wilug"
   940 | D:2      | Reached XP level 3. HP: 27/27 MP: 3/3
  1127 | D:2      | Found a faded altar of an unknown god.
  1333 | D:2      | Found a runed translucent door.
  1334 | D:2      | Noticed Crazy Yiuf
  1788 | D:2      | Killed Crazy Yiuf
  1789 | D:2      | Gained mutation: You are partially covered in molten
                  | scales. (AC +2) [demonic ancestry]
  1789 | D:2      | Reached XP level 4. HP: 33/33 MP: 4/4
  2043 | D:3      | Noticed a scorpion
  2068 | D:3      | Killed a scorpion
  2069 | D:3      | Reached skill level 1 in Armour
  2227 | D:3      | Reached XP level 5. HP: 39/39 MP: 5/5
  2312 | D:3      | Noticed Ijyb
  2312 | D:3      | Paralysed by Ijyb for 4 turns
  2330 | D:3      | Killed Ijyb
  2572 | D:3      | Identified the +9 spear of Liciagel {drain, rF++}
  2804 | D:4      | Identified the +8 mace "Edirourch" {heavy, rN++ Str-5}
  3548 | D:4      | Identified a scroll of acquirement
  3548 | D:4      | Acquired the +1 hat of the Goldsmith {rPois MP+9 Str+7
                  | Int-2}
  3642 | D:5      | Entered Level 5 of the Dungeon
  3759 | D:5      | Noticed a yak
  3760 | D:5      | Noticed a yak
  3761 | D:5      | Noticed a yak
  3762 | D:5      | Noticed a yak
  3762 | D:5      | Noticed a yak
  3782 | D:5      | HP: 2/61 [yak (14)]
  3785 | D:5      | Killed a yak
  3786 | D:5      | Gained mutation: You have a pair of small horns on your
                  | head. [demonic ancestry]
  3786 | D:5      | Reached XP level 6. HP: 5/47 MP: 6/6
  3789 | D:5      | Killed a yak
  3790 | D:5      | Reached XP level 7. HP: 9/53 MP: 7/7
  3793 | D:5      | Killed a yak
  3797 | D:5      | HP: 3/81 [yak (9)]
  3799 | D:5      | Slain by a yak

Illustrated notes

Levels and vault maps discovered:
D:1:      dpeg_arrival_ratfight, layout_basic, chequers_serial_rivers_room_a
D:2:      layout_basic, hellmonk_ecumenical_altar_blasted,
          uniq_crazy_yiuf_cottage
D:3:      layout_loops_ring, serial_glass, glass_columns_c, glass_columns_a,
          hex_large, chequers_serial_rivers_micro_e, uniq_ijyb
D:4:      layout_basic
D:5:      layout_basic

Skill      XL: |  1  2  3  4  5  6  7 |
---------------+----------------------+-----
Unarmed Combat | 3 4 |  4.5
Dodging        | 2 3 |  3.1
Fighting       | 2 3 4 |  4.0
Shapeshifting  | 3 4 |  4.2
Armour         | 1 2 |  2.2

Action                     |  1- 3 |  4- 6 |  7- 9 || total
---------------------------+-------+-------+-------++-------
  Melee: Unarmed           |    89 |   130 |     9 ||   228
         Punch             |       |     1 |     1 ||     2
         Headbutt          |       |       |     2 ||     2
    Use: Scroll            |     3 |    11 |       ||    14
         Potion            |       |     2 |       ||     2
 Armour: Animal skin       |     4 |       |       ||     4
         Leather armour    |     6 |       |       ||     6
         Ring mail         |    30 |     1 |       ||    31
         Scale mail        |       |    92 |     5 ||    97
  Dodge: Dodged            |    49 |    73 |     1 ||   123

Table legend: (Time is in decaauts)
 A = Elapsed time spent in this place.
 B = Non-inter-level travel time spent in this place.
 C = Inter-level travel time spent in this place.
 D = Time resting spent in this place.
 E = Time spent auto-exploring this place.
 F = Levels seen in this place.
 G = Mean time per level.
                   A        B        C        D        E       F      G
               +--------+--------+--------+--------+--------+-----+--------+
         Total |   3777 |   3648 |    129 |    218 |   2600 |   5 |  755.4 |
       Dungeon |   3777 |   3648 |    129 |    218 |   2600 |   5 |  755.4 |
               +--------+--------+--------+--------+--------+-----+--------+

Top non-repeatable levels by time:
     D:2: 1008 daAuts
     D:1: 919 daAuts
     D:4: 896 daAuts
     D:3: 804 daAuts
     D:5: 148 daAuts
